 Dungeon Crawl Stone Soup version bcrawl-1.17.3 (webtiles) character file.

Game seed: 1804400623741157224

2922 Morbidden the Sneak (level 9, 53/55 HPs)
             Began as a Mana Stalker Archaeologist on Oct 30, 2019.
             Was a Follower of Okawaru.
             Quit the game on level 6 of the Dungeon.
             The game lasted 00:15:17 (5078 turns).

Morbidden the Sneak (Mana Stalker Archaeologist)    Turns: 5078, Time: 00:15:17

Health: 53/55      AC: 13    Str: 16    XL:     9   Next: 79%
Magic:  14/14      EV:  8    Int: 14    God:    Okawaru [*.....]
Gold:   429        SH:  0    Dex: 14    Spells: 7/8 levels left

rFire    + . .     SeeInvis .   f - +9 staff of Wucad Mu {channel}
rCold    . . .     Gourm    .   (no shield)
rNeg     . . .     Faith    .   u - +0 chain mail
rPois    +         Spirit   .   n - +0 helmet
rElec    .         Reflect  .   (no cloak)
rCorr    .         Harm     .   b - +0 pair of gloves
MR       +....                  d - +1 pair of boots
Stlth    +.........             (no amulet)
HPRegen  0.58/turn              r - ring of protection from fire
MPRegen  0.14/turn              x - ring of poison resistance

@: no status effects
A: fangs 3, magic resistance 1, regeneration 1, antimagic bite, no potion heal
3, rot immunity, strong jaws
a: Heroism, Renounce Religion


You were on level 6 of the Dungeon.
You worshipped Okawaru.
Okawaru was aware of your devotion.
You were hungry.

You visited 2 branches of the dungeon, and saw 7 of its levels.
You also visited: Ossuary.

You collected 429 gold pieces.

Inventory:

Hand Weapons
 f - the +9 staff of Wucad Mu (weapon) {channel}
 h - a +1 mace of venom
 o - a +1 morningstar of holy wrath
 A - a +0 scimitar
Armour
 b - a +0 pair of gloves (worn)
 d - a +1 pair of boots (worn)
 n - a +0 helmet (worn)
 u - a +0 chain mail (worn)
Jewellery
 r - a ring of protection from fire (left hand)
 x - a ring of poison resistance (right hand)
Wands
 t - a wand of digging (11)
 w - a wand of random effects (16)
Scrolls
 a - 5 scrolls of remove curse {unknown}
 k - 3 scrolls of enchant weapon
 l - 7 scrolls of identify
 v - 4 scrolls of teleportation {unknown}
 y - a scroll of blinking {unknown}
 C - a scroll of enchant armour {unknown}
Potions
 c - 3 potions of heal wounds
 i - 2 potions of berserk rage {unknown}
 j - 2 potions of resistance
 m - a potion of agility {unknown}
 p - a potion of lignification {unknown}
 q - 2 potions of mutation {unknown}
 s - 6 potions of curing {unknown}
 z - a potion of flight
Miscellaneous
 B - a box of beasts
Comestibles
 g - 5 rations {!d}
 D - 2 chunks of flesh


   Skills:
 * Level 6.0 Fighting
 + Level 6.6 Maces & Flails
 + Level 2.7 Armour
 + Level 4.7 Dodging
 + Level 7.9 Stealth
 * Level 1.5 Invocations
 * Level 6.4 Evocations


You had 7 spell levels left.
You knew the following spells:

 Your Spells              Type           Power        Failure   Level  Hunger
a - Magic Dart            Conj           #...         99%         1    ##.....

Your spell library contained the following spells:

 Spells                   Type           Power        Failure   Level  Hunger
 Apportation              Tloc           #.....       99%         1    ##.....
 Corona                   Hex            #......      99%         1    ##.....
 Infusion                 Chrm           #.......     99%         1    ##.....
 Sandblast                Erth           #.....       99%         1    ##.....
 Slow                     Hex            #.......     99%         1    ##.....
 Summon Butterflies       Summ           #.......     99%         1    ##.....
 Ensorcelled Hibernation  Hex/Ice        #.....       100%        2    ###....
 Searing Ray              Conj           #.....       100%        2    ###....
 Confuse                  Hex            #.......     100%        3    ####...
 Dazzling Spray           Conj/Hex       #.....       100%        3    ####...
 Iskenderun's Mystic Bla  Conj           #.......     100%        3    ####...
 Tukima's Dance           Hex            #.......     100%        3    ####...
 Fulminant Prism          Conj/Hex       #.........   100%        4    #####..
 Irradiate                Conj/Tmut      #.........   100%        5    ######.


Dungeon Overview and Level Annotations

Branches:
Dungeon (6/12)             Temple (1/1) D:5

Altars:
Ashenzari
Cheibriados
Dithmenos
Kikubaaqudgha
Lugonu
Makhleb
Okawaru
Qazlal
Ru
Sif Muna
Vehumet
Xom
Yredelemnul
Zin
The Shining One

Shops:
D:5 [(((=

Annotations:
D:4 2 transporters


Innate Abilities, Weirdness & Mutations

You have razor-sharp teeth.
You are resistant to hostile enchantments. (MR+)
Your natural rate of healing is unusually fast.
Your bite disrupts and absorbs the magic of your enemies.
Potions cannot restore your health.
You are immune to rotting.
Your bites deal extra damage.


Message History

You drain its power.
The centaur warrior skeleton is almost destroyed.
The centaur warrior skeleton hits you but does no damage.
You sock the centaur warrior skeleton!
You destroy the centaur warrior skeleton!
Okawaru is honoured by your kill.
As you finish your manual of Evocations, the mysteries of the crate's mechanism unravel in your mind!
The crate's locking mechanism finally gives in, revealing the +9 staff of Wucad Mu {channel}!
Your Fighting skill increases to level 6!
You hear the slow rusting of a very distant drain.
There are no items here.
Unknown command.
There are no items here.
Wield which item (- for none, * to show all)? (? for menu, Esc to quit)
Your +1 mace of venom stops dripping with poison.
f - the +9 staff of Wucad Mu (weapon)
{channel} Unknown command.
Quiver which item? (- for none, * to show all) (? for menu, Esc to quit)
Okay, then.
Are you sure you want to abandon this character and quit the game? (Confirm with "yes".)

#..._...######
#.......# #.. ...
#......!# #.# ..#
####.#..# ##.##..#
#.#..######...#..##
#...........<.....
###.............#
##.#####...>..###.#
#.#####...@......#
#<...........#####
##############


There were no monsters in sight!

Vanquished Creatures
  Pikel (D:5)
  A centaur skeleton (D:6)
  Grinder (D:3)
  A hungry ghost (D:5)
  Menkaure (D:5)
  2 ice beasts
  4 ogres
  A phantom (D:4)
  3 centaurs
  A bullfrog (D:5)
  A howler monkey (D:4)
  3 crimson imps (D:4)
  4 human zombies (Ossuary)
  A quasit (D:5)
  3 hounds
  A jelly (D:5)
  A bullfrog skeleton (D:4)
  An iguana (D:5)
  3 worker ants
  3 big kobold zombies (Ossuary)
  2 mummies (Ossuary)
  4 gnolls (D:5)
  9 adders
  2 oozes
  An adder skeleton (D:4)
  2 adder zombies
  2 worms
  2 dart slugs (D:3)
  3 leopard geckos
  13 orcs
  A ball python (D:2)
  6 bats
  5 giant cockroaches
  3 goblins
  8 hobgoblins
  5 jackals
  2 quokkas
  3 frilled lizards
  A goblin zombie (Ossuary)
  8 hobgoblin zombies (Ossuary)
  A jackal zombie (D:4)
  7 kobolds
  11 kobold zombies (Ossuary)
  A leopard gecko skeleton (D:3)
  7 orc zombies (Ossuary)
  7 rats
  A rat zombie (Ossuary)
154 creatures vanquished.

Vanquished Creatures (others)
  2 slaves (D:5)
  An iguana (D:5)
3 creatures vanquished.

Grand Total: 157 creatures vanquished

Notes
Turn   | Place    | Note
-------+----------+-------------------------------------------
     0 | D:1      | Morbidden the Vine Stalker Archaeologist began the quest
                  | for the Orb.
     0 | D:1      | Reached XP level 1. HP: 11/11 MP: 2/2
   221 | D:1      | Reached skill level 1 in Fighting
   234 | D:1      | Reached XP level 2. HP: 16/16 MP: 3/3
   238 | D:1      | Reached skill level 1 in Maces & Flails
   302 | D:1      | Reached skill level 5 in Stealth
   602 | D:1      | Reached XP level 3. HP: 20/20 MP: 4/4
   755 | D:2      | Reached XP level 4. HP: 25/25 MP: 5/5
   765 | D:2      | Noticed an ogre
   768 | D:2      | Killed an ogre
   768 | D:2      | Reached skill level 1 in Evocations
   768 | D:2      | Reached XP level 5. HP: 30/30 MP: 5/7
   990 | D:2      | Found a faded altar of an unknown god.
  1438 | D:3      | Noticed Grinder
  1460 | D:3      | HP: 1/30 [Grinder/nerve-wracking pain (11)]
  1534 | D:4      | Reached skill level 6 in Stealth
  1599 | D:4      | Found a transporter.
  1601 | D:4      | Noticed an ice beast
  1601 | D:4      | Noticed an ice beast
  1603 | D:4      | Noticed an ice beast
  1612 | D:4      | Gained mutation: You have razor-sharp teeth. [Vine Stalker
                  | growth]
  1612 | D:4      | Reached XP level 6. HP: 14/35 MP: 8/8
  1825 | D:4      | Found a transporter.
  1906 | D:4      | Reached XP level 7. HP: 40/40 MP: 10/10
  2015 | D:4      | Found a glowing golden altar of the Shining One.
  2398 | D:4      | Found a snail-covered altar of Cheibriados.
  2911 | D:3      | Paralysed by Grinder for 4 turns
  2918 | D:3      | Killed Grinder
  2918 | D:3      | Reached skill level 7 in Stealth
  3148 | D:3      | Gained mutation: Your bite disrupts and absorbs the magic
                  | of your enemies. [Mana Stalker growth]
  3148 | D:3      | Gained mutation: You are resistant to hostile enchantments.
                  | (MR+) [Mana Stalker growth]
  3148 | D:3      | Reached XP level 8. HP: 41/46 MP: 11/12
  3229 | D:5      | Entered Level 5 of the Dungeon
  3273 | D:5      | Noticed Pikel
  3284 | D:5      | Killed Pikel
  3284 | D:5      | Reached skill level 5 in Maces & Flails
  3284 | D:5      | Reached skill level 1 in Armour
  3284 | D:5      | Reached skill level 5 in Evocations
  3295 | D:5      | Found Teuplire's Weapon Shoppe.
  3296 | D:5      | Found a glowing silver altar of Zin.
  3319 | D:5      | Noticed Menkaure
  3320 | D:5      | Found a staircase to the Ecumenical Temple.
  3329 | D:5      | Killed Menkaure
  3332 | D:5      | Found Ulahis's Weapon Boutique.
  3400 | D:5      | Found Qacimp's Jewellery Boutique.
  3468 | D:5      | Reached XP level 9. HP: 3/52 MP: 14/14
  3468 | D:5      | HP: 1/52 [cloud of flame (2)]
  3482 | D:5      | Found Dorumn's Weapon Shoppe.
  3523 | D:5      | Found a sand-covered staircase.
  3527 | Ossuary  | Entered an ossuary
  3872 | D:5      | Found Qumoarhe's Armour Boutique.
  3883 | D:5      | Reached skill level 5 in Fighting
  4019 | Temple   | Entered the Ecumenical Temple
  4121 | Temple   | Became a worshipper of Warmaster Okawaru
  4871 | D:5      | Learned a level 1 spell: Magic Dart
  4929 | D:6      | Found a glowing silver altar of Zin.
  4996 | D:6      | Reached * piety under Okawaru
  4996 | D:6      | Reached skill level 1 in Invocations
  5078 | D:6      | Quit the game

Skill      XL: |  1  2  3  4  5  6  7  8  9 |
---------------+----------------------------+-----
Fighting       | 1 2 3 4 6 |  6.0
Maces & Flails | 1 2 3 4 5 6 |  6.6
Stealth        | 5 6 7 |  7.9
Evocations     | 1 2 3 4 5 6 |  6.4
Dodging        | 4 |  4.7
Armour         | 2 |  2.7
Invocations    | 1 |  1.5

Action                   |  1- 3 |  4- 6 |  7- 9 || total
-------------------------+-------+-------+-------++-------
Melee: Mace              |    50 |   111 |   354 ||   515
       Bite              |     3 |    17 |    92 ||   112
Evoke: Wand              |       |       |     3 ||     3
  Use: Scroll            |       |     1 |     3 ||     4
       Potion            |       |     1 |       ||     1
 Stab: Sleeping          |     5 |     9 |     7 ||    21
       Distracted        |     1 |       |       ||     1
       Petrified         |       |       |     4 ||     4
       Petrifying        |       |       |     1 ||     1
  Eat: Chunk             |       |     3 |    11 ||    14
       Ration            |       |       |     3 ||     3
Armor: Robe              |    17 |    36 |     8 ||    61
       Chain mail        |       |       |   184 ||   184
Dodge: Dodged            |    42 |    89 |   164 ||   295
